 Dungeon Crawl Stone Soup version 0.31-a0-1308-ga3cce3a448 (webtiles) character file.

Game seed: 5647764446941099098

142963 wildpjah the Fencer (level 17, -5/110 HPs)
             Began as a Tengu Fighter on Dec 20, 2023.
             Was the Champion of Nemelex Xobeh.
             Slain by a tentacled starspawn (17 damage)
             ... on level 3 of the Abyss on Dec 21, 2023.
             The game lasted 02:31:07 (30138 turns).

wildpjah the Fencer (Tengu Fighter)                Turns: 30138, Time: 02:31:07

Health: -5/110     AC: 20    Str: 18    XL:     17   Next: 36%
Magic:  0/23       EV: 21    Int: 12    God:    Nemelex Xobeh [******]
Gold:   745        SH: 19    Dex: 20    Spells: 16/16 levels left

rFire   + + +        u - +6 falchion "Ruys" {elec, rPois rN+}
rCold   x . .        c - +5 Storm Queen's Shield {shock, Fly rElec}
rNeg    + . .        I - +0 fire dragon scales
rPois   +            b - +1 hat
rElec   +            K - +2 cloak
rCorr   .            k - +1 pair of gloves
SInv    .            (boots unavailable)
Will    ++...        r - amulet of guardian spirit
Stlth   +            i - ring "Zinien Yxka" {rPois rF++ Int+3}
HPRegen 0.38/turn    R - ring of willpower
MPRegen 0.18/turn

%: random rage (3%), acrobat, guardian spirit
@: on berserk cooldown, flying, hasted, studying Dodging, invisible, very quick
A: beak, talons 3, evasive flight, acrobatic, berserk 1, low MP 1
a: Renounce Religion, Draw Escape, Draw Destruction, Draw Summoning, Triple
Draw, Deal Four, Stack Five


You were on level 3 of the Abyss.
You worshipped Nemelex Xobeh.
Nemelex Xobeh was exalted by your worship.
You visited 6 branches of the dungeon, and saw 25 of its levels.
You visited the Abyss 1 time.
You also visited: Bailey.

You collected 1936 gold pieces.
You spent 1191 gold pieces at shops.

Inventory:

Hand Weapons
 a - a +5 scimitar of flaming
 d - a +8 scimitar
 u - the +6 falchion "Ruys" (weapon) {elec, rPois rN+}
   (You found it on level 12 of the Dungeon)

   rPois:     It protects you from poison rN+: It protects you from negative
   energy.
 G - the +2 scimitar of the Enchanting Jester {freeze, rN+ Int+4}
   (You took it off an orc warrior on level 2 of the Orcish Mines)

   Int+4:     It affects your intelligence (+4).
   rN+:       It protects you from negative energy.
 Q - a +2 vampiric long sword
Armour
 b - a +1 hat (worn)
 c - the +5 Storm Queen's Shield (worn) {shock, Fly rElec}
   (You bought it in a shop on level 2 of the Dungeon)

   Shock:     When it blocks an attack, it may electrocute the attacker.
   This works even against foes who are a short distance away.
   rElec:     It insulates you from electricity.
   Fly:       It grants you flight.
 k - a +1 pair of gloves (worn)
 o - a +3 chain mail of cold resistance
 I - +0 fire dragon scales (worn)
 K - a +2 cloak (worn)
Jewellery
 f - a ring of resist corrosion
 i - the ring "Zinien Yxka" (left hand) {rPois rF++ Int+3}
   (You bought it in a shop on level 2 of the Orcish Mines)

   [ring of poison resistance]

   Int+3:     It affects your intelligence (+3).
   rF++:      It greatly protects you from fire.
   rPois:     It protects you from poison
 p - a ring of wizardry
 r - an amulet of guardian spirit (around neck)
 t - a +4 ring of protection
 P - a ring of willpower
 R - a ring of willpower (right hand)
 X - a ring of fire
Wands
 A - a wand of roots (27)
 B - a wand of charming (27)
 L - a wand of acid (21)
 O - a wand of polymorph (30)
 V - a wand of flame (33)
Scrolls
 l - a scroll of fog
 m - 4 scrolls of revelation
 s - 4 scrolls of poison
 v - 9 scrolls of vulnerability
 x - 10 scrolls of teleportation
 z - 5 scrolls of fear
 D - 2 scrolls of identify
 E - 4 scrolls of enchant weapon
 H - 2 scrolls of immolation
 N - 2 scrolls of butterflies
 S - 4 scrolls of enchant armour
 U - a scroll of torment
 W - 2 scrolls of blinking
Potions
 e - 3 potions of brilliance
 g - 14 potions of curing
 j - a potion of might
 n - 7 potions of mutation
 q - 3 potions of lignification
 w - a potion of magic
 F - 2 potions of enlightenment
 M - 3 potions of haste
 T - 3 potions of resistance
 Y - 2 potions of cancellation
 Z - 2 potions of berserk rage
Miscellaneous
 h - a condenser vane
 y - a lightning rod (4/4)


   Skills:
 * Level 13.7 Fighting
 + Level 2.9(11.0) Short Blades
 + Level 16.2(16.3) Long Blades
 + Level 1.9 Throwing
 + Level 15.2 Armour
 + Level 13.0 Dodging
 + Level 2.8 Stealth
 + Level 13.8 Shields
 + Level 0.2 Unarmed Combat
 * Level 10.8 Invocations


You had 16 spell levels left.
You didn't know any spells.
Your spell library contained the following spells:

 Spells                   Type           Power      Damage    Failure   Level
 Apportation              Tloc           0%         N/A       83%         1
 Necrotise                Necr           0%         1d4       83%         1
 Sandblast                Erth           0%         2d4       83%         1
 Sting                    Tmut/Pois      0%         1d3       83%         1
 Summon Small Mammal      Summ           0%         N/A       83%         1
 Ensorcelled Hibernation  Hex/Ice        0%         N/A       93%         2
 Jinxbite                 Hex            0%         N/A       93%         2
 Passwall                 Tmut/Erth      0%         N/A       93%         2
 Sublimation of Blood     Necr           0%         N/A       93%         2
 Call Canine Familiar     Summ           0%         N/A       99%         3
 Ozocubu's Armour         Ice            0%         N/A       99%         3
 Sigil of Binding         Hex            0%         N/A       99%         3
 Stone Arrow              Conj/Erth      0%         3d7       99%         3
 Volatile Blastmotes      Fire/Tloc      0%         2d10      99%         3
 Anguish                  Hex/Necr       0%         N/A       100%        4
 Brom's Barrelling Bould  Conj/Erth      0%         2d3       100%        4
 Dimensional Bullseye     Hex/Tloc       0%         N/A       100%        4
 Manifold Assault         Tloc           0%         N/A       100%        4
 Olgreb's Toxic Radiance  Pois           0%         N/A       100%        4
 Petrify                  Tmut/Erth      0%         N/A       100%        4
 Irradiate                Conj/Tmut      0%         3d11      100%        5
 Dispersal                Tloc           0%         N/A       100%        6
 Ozocubu's Refrigeration  Ice            0%         4d7       100%        7
 Disjunction              Tloc           0%         N/A       100%        8
 Fire Storm               Conj/Fire      0%         5d1       100%        9


Dungeon Overview and Level Annotations

Branches:
Dungeon (15/15)            Temple (1/1) D:4            Lair (5/5) D:8
  Swamp (0/4) Lair:2        Snake (0/4) Lair:3        Slime (1/5) Lair:4
    Orc (2/2) D:10            Elf (1/3) Orc:2        Vaults (0/5) D:14
 Bailey (visited)
 Depths: D:15

Altars:
Ashenzari
Cheibriados
Dithmenos
Elyvilon
Fedhas
Gozag
Hepliaklqana
Kikubaaqudgha
Makhleb
Nemelex Xobeh
Okawaru
Qazlal
Ru
Sif Muna
Trog
Uskayaw
Vehumet
Wu Jian
Xom
Yredelemnul
Zin
The Shining One

Shops:
D:2 [[   D:3 !?*!*   D:13 *   D:14 *(*=   Orc:2 (*[*   Elf:1 [

Annotations:
D:13 2 runed translucent doors, exclusion: orange crystal statue
Temple 2 transporters
Lair:1 exclusion: oklob plant


Innate Abilities, Weirdness & Mutations

You have a beak for a mouth.
You have claws for feet.
Your magical flight helps you evade attacks. (EV +4)
You can magically evade attacks while moving or waiting.
You sometimes lose your temper in combat.
Your magical capacity is low. (-10% MP)


Message History

You block the tentacled starspawn's attack. x2
The smoke demon gestures at you. The ball of steam hits you! You resist.
* * * LOW HITPOINT WARNING * * *
Okay, then.
Unknown command.
Unknown command.
Press: ? - help, v - describe, . - travel, g - get item
Here: a tentacled starspawn (heavily damaged, covered in acid) Item here: a +1 demon whip of flaming.
The floor.
Press: ? - help, v - describe, . - travel The floor.
There is a cloud of steam here.
Unknown command.
Press: ? - help, v - describe, . - travel, g - get item
Here: a tentacled starspawn (heavily damaged, covered in acid) Item here: a +1 demon whip of flaming.
The floor.
Unknown command.
Unknown command.
Unknown command.
Press: ? - help, v - describe, . - travel, g - get item
Here: a tentacled starspawn (heavily damaged, covered in acid) Item here: a +1 demon whip of flaming.
The floor.
Press: ? - help, . - travel You can't see that place. [the floor.] Unknown command.
You feel better.
Tentacles burst from the starspawn's body! 2 starspawn tentacles come into view.
Press: ? - help, v - describe, . - travel
Here: a starspawn tentacle The floor.
You fade into invisibility!
You feel yourself speed up. The tentacled starspawn bites you!
You die...
Your body disappears without a glow.

. . w . ##
.. # ##.. #
X# #.# .....
... #.[.. .
..# #)># #
2#..## .
###.#.. #
..#3#.##X#.#
#...§§@..#
#.#..§#.§§#
#.. ##### #.
#


You could see a tentacled starspawn (unable to see you, corroded).

Vanquished Creatures
  3 tentacled starspawn (Abyss:3)
  Gastronok (Orc:1)
  A deep elf sorcerer (Elf:1)
  A balrug (Abyss:3)
  3 orc warlords
  A deep elf elementalist (Elf:1)
  An ophan (Abyss:3)
  A very ugly thing (Abyss:3)
  A cacodemon (Abyss:3)
  A deep elf demonologist (Elf:1)
  A purple draconian (Abyss:3)
  The ghost of jlumianski the Martial Artist, a journeyman GnSh of Wu Jian (Lair:2)
  A fire dragon (D:15)
  2 vault guards
  3 rakshasas (Abyss:3)
  4 hydras
  Erica (Orc:1)
  4 centaur warriors
  3 death yaks (Lair:5)
  A boulder beetle (D:13)
  3 two-headed ogres
  5 dancing weapons (Elf:1)
  A demonic crawler (Abyss:3)
  4 orc high priests (Orc:2)
  2 tengu warriors
  Urug (Lair:1)
  A thrashing horror (Abyss:3)
  7 deep elf knights
  A sixfirhy (Abyss:3)
  3 wretched stars (Abyss:3)
  12 large abominations (Abyss:3)
  A glowing orange brain (Abyss:3)
  4 deep elf archers
  3 arcanists (D:14)
  2 bog bodies (Lair:2)
  3 necromancers (D:14)
  A spriggan simulacrum (Abyss:3)
  12 deep elf zephyrmancers
  9 orc knights
  20 deep elf pyromancers
  3 ugly things
  An oklob plant (Lair:3)
  6 orc sorcerers
  2 worldbinders (Abyss:3)
  A manticore (D:15)
  7 cyclopes
  4 kobold blastminers
  2 smoke demons (Abyss:3)
  3 elephants
  9 black mambas
  10 cane toads
  12 starcursed masses (Abyss:3)
  2 orange demons (Abyss:3)
  3 torpor snails
  2 kobold demonologists (D:13)
  A gargoyle (D:11)
  A rime drake (Lair:4)
  An unseen horror (D:13)
  3 efreet
  A tengu conjurer (D:15)
  6 komodo dragons
  2 freezing wraiths
  8 polar bears
  4 meliai
  A silent spectre (Abyss:3)
  10 trolls
  3 ancient zymes (Abyss:3)
  2 hellwings (Abyss:3)
  6 hornets (Lair:5)
  A wolf spider simulacrum (D:14)
  Prince Ribbit (Bailey)
  A dream sheep (Lair:5)
  8 blink frogs
  7 raiju (Abyss:3)
  4 water elementals
  A culicivora (shapeshifter) (D:14)
  8 flying skulls (Abyss:3)
  12 spriggans (Lair:5)
  A vampire (D:14)
  6 ynoxinuls (Abyss:3)
  11 slime creatures
  4 small abominations (Abyss:3)
  2 wraiths
  35 yaks
  An air elemental (Orc:2)
  3 fire bats (Abyss:3)
  20 humans
  9 basilisks
  A hog (shapeshifter) (D:15)
  3 wyverns
  An unseen horror simulacrum (D:10)
  A shadow (D:10)
  6 wargs
  Grum (D:8)
  6 vampire mosquitoes
  3 steam dragons
  2 chaos spawn (Abyss:3)
  A golden eye (Lair:4)
  A neqoxec (Abyss:3)
  3 nagas (Lair:3)
  16 water moccasins
  2 acid dragons
  16 orc warriors
  3 sky beasts
  3 black bears
  2 ice beasts
  24 wolves
  7 boggarts
  4 centaurs (D:15)
  7 ogres
  4 phantoms
  9 kobold brigands
  25 bullfrogs
  A gnoll sergeant (D:13)
  2 scorpions
  A wight (D:7)
  6 killer bees
  A howler monkey (D:13)
  2 electric eels (D:14)
  2 hounds
  A jelly (D:7)
  11 orc priests
  2 gnoll boudas
  2 iron imps (Abyss:3)
  Jessica (D:3)
  4 iguanas
  A sleepcap (D:4)
  17 orc wizards
  2 hell rats (Lair:3)
  A mummy (D:8)
  20 gnolls
  9 adders
  6 river rats (Lair:3)
  A shadow imp (D:5)
  A white imp (D:6)
  2 ufetubi (D:5)
  3 worms
  2 dart slugs
  44 orcs
  4 ball pythons
  8 endoplasms
  3 giant cockroaches
  13 goblins
  3 hobgoblins (D:1)
  5 quokkas
  5 bats
  3 frilled lizards
  40 kobolds
  4 rats
  2 butterflies (Lair:4)
  4 starspawn tentacles (Abyss:3)
771 creatures vanquished.

Vanquished Creatures (collateral kills)
  A bone dragon (Abyss:3)
  An emperor scorpion (Lair:5)
  A minotaur (Lair:2)
  A vault guard (Bailey)
  A hydra (Lair:2)
  2 ugly things (D:15)
  A cane toad (Lair:2)
  A komodo dragon (Lair:2)
  A hornet (Lair:4)
  2 dream sheep (Lair:4)
  A dire elephant simulacrum (Abyss:3)
  A spriggan (Lair:5)
  A fire bat (Abyss:3)
  2 yaks (Lair:2)
  3 wolves (Lair:5)
  2 bullfrogs (Lair:4)
22 creatures vanquished.

Vanquished Creatures (others)
  A deep elf knight (Elf:1)
  2 deep elf zephyrmancers (Elf:1)
  A worldbinder (Abyss:3)
  An unseen horror (Abyss:3)
  A flying skull (Abyss:3)
  A small abomination (Abyss:3)
  12 starspawn tentacles (Abyss:3)
19 creatures vanquished.

Grand Total: 812 creatures vanquished

Notes
Turn   | Place    | Note
-------+----------+-------------------------------------------
     0 | D:1      | wildpjah the Tengu Fighter began the quest for the Orb.
     0 | D:1      | Reached XP level 1. HP: 14/14 MP: 2/2
   410 | D:1      | Reached XP level 2. HP: 19/19 MP: 3/3
  1033 | D:2      | Reached XP level 3. HP: 23/23 MP: 4/4
  1058 | D:2      | Found Qomewame's Armour Shop.
  1065 | D:2      | You fall into a shaft and drop 2 floors!
  1348 | D:3      | Noticed Jessica
  1358 | D:3      | Found Etsum's Assorted Antiques.
  1372 | D:3      | Killed Jessica
  1373 | D:3      | Reached skill level 3 in Long Blades
  1373 | D:3      | Reached XP level 4. HP: 12/28 MP: 5/5
  1474 | D:3      | Found Waotzane's Magic Scroll Shop.
  1903 | D:2      | Reached XP level 5. HP: 28/32 MP: 6/6
  2042 | D:2      | Found the +7 mace of Variability {chaos, chaos arc}
  2087 | D:2      | Found Alysinege's Antique Armour Shop.
  2248 | D:3      | Found Zasewnil's Distillery.
  2384 | D:3      | Found a shimmering altar of Xom.
  2449 | D:3      | Found Marghaj's Distillery.
  2490 | D:2      | Reached skill level 4 in Long Blades
  2605 | D:3      | Found Vuney's Assorted Antiques.
  3065 | D:4      | Found a hide-covered altar of Uskayaw.
  3119 | D:4      | Found a staircase to the Ecumenical Temple.
  3125 | Temple   | Found a transporter.
  3125 | Temple   | Found a transporter.
  3125 | Temple   | Found a transporter.
  3125 | Temple   | Found a transporter.
  3125 | Temple   | Entered the Ecumenical Temple
  3141 | Temple   | Became a worshipper of Nemelex Xobeh the Trickster
  3292 | D:5      | Entered Level 5 of the Dungeon
  3499 | D:4      | Reached XP level 6. HP: 38/38 MP: 7/7
  3782 | D:5      | Reached skill level 5 in Long Blades
  3782 | D:5      | Reached skill level 1 in Dodging
  3782 | D:5      | Reached skill level 1 in Invocations
  3808 | D:5      | Gained mutation: Your magical flight helps you evade
                  | attacks. (EV +4) [Tengu growth]
  3808 | D:5      | Reached XP level 7. HP: 38/43 MP: 6/8
  3853 | D:5      | Reached skill level 5 in Armour
  3987 | D:5      | Found an ornate altar of the Wu Jian Council.
  4166 | D:6      | Found a basalt altar of Yredelemnul.
  4247 | D:6      | Reached skill level 6 in Long Blades
  4327 | D:6      | Reached XP level 8. HP: 40/48 MP: 10/10
  4739 | D:6      | Reached * piety under Nemelex Xobeh
  4910 | D:6      | Found an iron altar of Okawaru.
  5090 | D:7      | Found an opulent altar of Gozag.
  5507 | D:7      | Reached skill level 7 in Long Blades
  5621 | D:7      | Received a gift from Nemelex Xobeh
  5673 | D:6      | Reached XP level 9. HP: 33/53 MP: 8/12
  5710 | D:7      | Reached skill level 5 in Fighting
  5783 | D:7      | Reached skill level 1 in Throwing
  5986 | D:7      | Reached skill level 5 in Dodging
  6022 | D:7      | Reached skill level 8 in Long Blades
  6192 | D:8      | Found a flagged portal.
  6202 | Bailey   | Entered a bailey
  6302 | Bailey   | Reached skill level 1 in Short Blades
  6315 | Bailey   | Reached skill level 5 in Shields
  6433 | Bailey   | Noticed a vault guard
  6474 | Bailey   | Killed a vault guard
  6475 | Bailey   | Reached XP level 10. HP: 29/59 MP: 6/14
  6604 | Bailey   | Reached skill level 9 in Long Blades
  6738 | Bailey   | Noticed Prince Ribbit
  6738 | Bailey   | Noticed a vault guard
  6751 | Bailey   | Killed Prince Ribbit
  6778 | Bailey   | Killed a vault guard
  6779 | Bailey   | Reached skill level 5 in Invocations
  7187 | D:8      | Received a gift from Nemelex Xobeh
  7320 | D:8      | Reached ** piety under Nemelex Xobeh
  7505 | D:8      | Noticed Grum
  7534 | D:8      | Killed Grum
  7848 | D:8      | Found a staircase to the Lair.
  7849 | D:8      | Found a snail-covered altar of Cheibriados.
  7992 | D:8      | Noticed a two-headed ogre
  8005 | D:8      | Killed a two-headed ogre
  8006 | D:8      | Reached XP level 11. HP: 34/64 MP: 7/15
  8458 | D:9      | Reached skill level 10 in Long Blades
  8572 | D:9      | Received a gift from Nemelex Xobeh
  8741 | D:9      | Found a white marble altar of Elyvilon.
  9063 | D:10     | Entered Level 10 of the Dungeon
  9131 | Lair:1   | Entered Level 1 of the Lair of Beasts
  9148 | Lair:1   | Reached skill level 10 in Dodging
  9255 | Lair:1   | Reached *** piety under Nemelex Xobeh
  9361 | Lair:1   | Received a gift from Nemelex Xobeh
  9370 | Lair:1   | Reached skill level 11 in Long Blades
  9845 | Lair:1   | Found a blossoming altar of Fedhas.
  9877 | Lair:1   | Noticed an oklob plant
 10083 | Lair:1   | Noticed Urug
 10130 | Lair:1   | Killed Urug
 10131 | Lair:1   | Reached skill level 10 in Armour
 10131 | Lair:1   | Reached XP level 12. HP: 11/71 MP: 3/16
 10440 | Lair:1   | Received a gift from Nemelex Xobeh
 11073 | Lair:2   | Reached skill level 12 in Long Blades
 11077 | Lair:2   | HP: 3/72 [poisoned by a cane toad]
 11346 | Lair:2   | Noticed a six-headed hydra
 11353 | Lair:2   | Killed a one-headed hydra
 11456 | Lair:2   | Reached **** piety under Nemelex Xobeh
 11490 | Lair:2   | Noticed jlumianski's ghost (journeyman GnSh)
 11490 | Lair:2   | Noticed a minotaur
 11536 | Lair:2   | Noticed a six-headed hydra
 11628 | Lair:2   | Found a runed translucent gate.
 11628 | Lair:2   | Found a runed translucent gate.
 11628 | Lair:2   | Found a runed translucent gate.
 11830 | Lair:2   | Found a staircase to the Swamp.
 12514 | Lair:2   | Received a gift from Nemelex Xobeh
 12710 | Lair:2   | Reached skill level 1 in Stealth
 13342 | Lair:3   | Found a staircase to the Snake Pit.
 13570 | Lair:3   | Received a gift from Nemelex Xobeh
 13701 | Lair:3   | Found a hazy altar of Hepliaklqana.
 13749 | Lair:3   | Reached skill level 13 in Long Blades
 14039 | Lair:3   | Reached XP level 13. HP: 67/78 MP: 13/17
 14739 | Lair:4   | Found a staircase to the Slime Pits.
 14889 | Lair:4   | Found a snail-covered altar of Cheibriados.
 14984 | Lair:4   | Reached ***** piety under Nemelex Xobeh
 15118 | Slime:1  | Entered Level 1 of the Pits of Slime
 15131 | Lair:5   | Entered Level 5 of the Lair of Beasts
 15556 | Lair:5   | Received a gift from Nemelex Xobeh
 15619 | Lair:5   | Noticed Rupert
 15643 | Lair:5   | Rupert changed into Rupert the emperor scorpion
 15643 | Lair:5   | Noticed Rupert
 15654 | Lair:5   | Killed Rupert the emperor scorpion
 15709 | Lair:5   | Reached skill level 14 in Long Blades
 15736 | Lair:5   | Paralysed by a hornet for 2 turns
 16336 | Lair:5   | Reached XP level 14. HP: 79/86 MP: 20/20
 17243 | D:10     | Found a staircase to the Orcish Mines.
 17533 | D:10     | Found a shimmering blue altar of Sif Muna.
 17780 | D:2      | Bought the +5 Storm Queen's Shield {shock, Fly rElec} for
                  | 866 gold pieces
 17780 | D:2      | Found the +5 Storm Queen's Shield {shock, Fly rElec}
 18156 | Orc:1    | Entered Level 1 of the Orcish Mines
 18224 | D:10     | Found a bloodstained altar of Trog.
 19049 | D:10     | Found a shadowy altar of Dithmenos.
 19491 | Orc:1    | Noticed Erica
 19499 | Orc:1    | Killed Erica
 19519 | Orc:1    | Found a transporter.
 19541 | Orc:1    | Found a transporter.
 19542 | Orc:1    | Found an ornate altar of the Wu Jian Council.
 19542 | Orc:1    | Noticed an orc warlord
 19568 | Orc:1    | Found a transporter.
 19572 | Orc:1    | Found an ornate altar of the Wu Jian Council.
 19574 | Orc:1    | Found a transporter.
 19669 | Orc:1    | Noticed Gastronok
 19706 | Orc:1    | Killed Gastronok
 19900 | Orc:2    | Entered Level 2 of the Orcish Mines
 19925 | Orc:2    | Reached skill level 10 in Fighting
 20004 | Orc:2    | Noticed an orc warlord
 20063 | Orc:1    | Killed an orc warlord
 20288 | Orc:2    | Reached skill level 10 in Shields
 20665 | Orc:2    | Found a staircase to the Elven Halls.
 20711 | Orc:2    | Received a gift from Nemelex Xobeh
 20862 | Orc:2    | Noticed an orc warlord
 20877 | Orc:2    | Killed an orc warlord
 21123 | Orc:2    | Identified the +2 scimitar of the Enchanting Jester
                  | {freeze, rN+ Int+4}
 21142 | Orc:2    | Gained mutation: Your magical capacity is low. (-10% MP) [a
                  | neqoxec]
 21200 | Orc:2    | Reached skill level 15 in Long Blades
 21264 | Orc:2    | Received a gift from Nemelex Xobeh
 21366 | Orc:2    | Paralysed by an orc sorcerer for 3 turns
 21374 | Orc:2    | Reached XP level 15. HP: 67/93 MP: 15/20
 21374 | Orc:2    | Found Uzuseil's Assorted Antiques.
 21374 | Orc:2    | Found Rivanwad's Antique Armour Shoppe.
 21381 | Orc:2    | Found Duostrem's Assorted Antiques.
 21466 | Orc:2    | Found Saterank's Weapon Boutique.
 21468 | Orc:2    | Bought a glowing cloak for 180 gold pieces
 21490 | Orc:2    | Bought a warped carnelian ring for 145 gold pieces
 21490 | Orc:2    | Identified the ring "Zinien Yxka" {rPois rF++ Int+3} (You
                  | bought it in a shop on level 2 of the Orcish Mines)
 21628 | Elf:1    | Entered Level 1 of the Elven Halls
 21712 | Elf:1    | Found a radiant altar of Vehumet.
 21721 | Elf:1    | Paralysed by an air elemental for 1 turns
 21727 | Elf:1    | Paralysed by an air elemental for 1 turns
 21732 | Elf:1    | Paralysed by an air elemental for 1 turns
 21742 | Orc:2    | Paralysed by an air elemental for 1 turns
 22020 | Elf:1    | Noticed a deep elf sorcerer
 22111 | Elf:1    | Killed a deep elf sorcerer
 22678 | Elf:1    | Found Socebi's Antique Armour Shop.
 22946 | Elf:1    | Noticed a Tzitzimitl
 23282 | Elf:1    | Noticed a deep elf elementalist
 23320 | Elf:1    | Killed a deep elf elementalist
 23946 | D:11     | Received a gift from Nemelex Xobeh
 24275 | D:11     | Got the Quarto of Calescent Poisoning
 24589 | D:12     | Received a gift from Nemelex Xobeh
 24940 | D:12     | Identified the +6 falchion "Ruys" {elec, rPois rN+}
 24995 | D:12     | Received a gift from Nemelex Xobeh
 25317 | D:13     | Found Essotenk's General Store.
 25333 | D:13     | Found a runed translucent door.
 25335 | D:13     | Reached ****** piety under Nemelex Xobeh
 25336 | D:13     | Found the +10 tower shield of Ignorance {rN+ Int-4}
 25354 | D:13     | Found a runed translucent door.
 25384 | D:13     | Received a gift from Nemelex Xobeh
 25504 | D:13     | Reached XP level 16. HP: 101/101 MP: 21/21
 26543 | Lair:2   | Killed jlumianski's ghost
 27262 | D:14     | Received a gift from Nemelex Xobeh
 27298 | D:14     | Found Holahoit's Antique Weapon Shop.
 27298 | D:14     | Found Peheod's Jewellery Shoppe.
 27302 | D:14     | Found Iposm's General Store.
 27302 | D:14     | Found Wisijul's Assorted Antiques.
 27711 | D:14     | Identified the +1 robe of Jivvibuot {Dex+6}
 27874 | D:14     | Found a gate to the Vaults.
 28132 | D:15     | Entered Level 15 of the Dungeon
 28252 | D:15     | Received a gift from Nemelex Xobeh
 28501 | D:15     | Reached skill level 10 in Invocations
 28931 | Abyss:3  | Cast into level 3 of the Abyss (an occultist)
 28955 | Abyss:3  | Found a corrupted altar of Lugonu.
 29019 | Abyss:3  | Noticed a tentacled starspawn
 29034 | Abyss:3  | Received a gift from Nemelex Xobeh
 29052 | Abyss:3  | Reached skill level 15 in Armour
 29066 | Abyss:3  | Found a corrupted altar of Lugonu.
 29082 | Abyss:3  | Paralysed by accursed screaming for 1 turns
 29395 | Abyss:3  | Noticed a bone dragon
 29412 | Abyss:3  | Killed a bone dragon
 29413 | Abyss:3  | Reached skill level 16 in Long Blades
 29495 | Abyss:3  | Noticed a tentacled starspawn
 29512 | Abyss:3  | Killed a tentacled starspawn
 29562 | Abyss:3  | Gained mutation: You sometimes lose your temper in combat.
                  | [a cacodemon]
 29563 | Abyss:3  | Identified the +2 long sword "Goinaq" {protect, ^Drain
                  | rPois rN+++}
 29769 | Abyss:3  | Reached XP level 17. HP: 98/109 MP: 20/23
 29858 | Abyss:3  | Received a gift from Nemelex Xobeh
 29890 | Abyss:3  | Noticed a tentacled starspawn
 29912 | Abyss:3  | Killed a tentacled starspawn
 30076 | Abyss:3  | Noticed a tentacled starspawn
 30081 | Abyss:3  | HP: 3/109 [purple draconian/bolt of dispelling energy (25)]
 30092 | Abyss:3  | Killed a tentacled starspawn
 30111 | Abyss:3  | Noticed a tentacled starspawn
 30126 | Abyss:3  | HP: 5/110 [starcursed mass/accursed screaming (5)]
 30136 | Abyss:3  | HP: 1/110 [something/ball of steam (6)]
 30138 | Abyss:3  | Slain by a tentacled starspawn

Illustrated notes

Levels and vault maps discovered:
D:1:      lemuel_arrival_behind_the_door_large, layout_loops_corners,
          minmay_pentomino_v2
D:2:      layout_loops_ring, serial_shops, shop, shop, st_stairs_7,
          wad_floor_pattern_1, minmay_joined_circles
D:3:      layout_basic, mainiacjoe_overflow_six_doors_small, serial_shops,
          nicolae_shop_window_shopping, nicolae_shop_advertising_works
          [nicolae_subvault_shop_adworks], shop_fountains, shop,
          nicolae_shop_statue_plus, uniq_jessica
D:4:      layout_loops_cross, nicolae_uskayaw_murder_on_the_dancefloor,
          minmay_temple_entry_wispy
D:5:      layout_rooms, pdpol_wu_jian_five_deadly_venoms, minmay_manual_maat
D:6:      layout_loops_cross, lemuel_round_altar, okawaru_metal_pillars_1_2,
          minmay_misc_feat_chi, kennysheep_another_room,
          hangedman_decor_opposing
D:7:      minmay_s_stair_smasher, layout_basic, lemuel_tele_altar
D:8:      layout_basic, slow_altar_1, lair_entry_dummy, enter_bailey_3,
          uniq_grum
D:9:      layout_loops_ring, mainiacjoe_overflow_alcove_2, grunt_ministairs_3
D:10:     layout_cave_pools, lemuel_blue_sif_altar,
          mainiacjoe_overflow_brackets, lemuel_crystal_altar, orc_0_dummy,
          kennysheep_donut, minmay_evil_grid
D:11:     layout_loops_cross
D:12:     layout_irregular_city, small_statue_intersection
D:13:     layout_roguey, serial_shops, nicolae_shop_hallway_stairs,
          chequers_guarded_unrand_ignorance
D:14:     minmay_inner_zag, layout_basic, grunt_vaults_entry_tiered,
          nicolae_wooded_promenade
D:15:     grunt_enter_depths_hoard, layout_cave_pods,
          nicolae_cairo_tiling_very_big, moated_statue, serial_bayou_pond_e
Temple:   hellmonk_temple_divided_pantheon
Lair:1:   layout_cellular_growth, tgw_fedhas, grunt_megastairs_4, uniq_urug
Lair:2:   layout_layer_cave, skrybe_swamp_entry_bodies,
          maelrawn_ghost_gauntlet_escape
Lair:3:   layout_gridlike, nicolae_snake_entry_squirm, basic_altar,
          kennysheep_rathole
Lair:4:   layout_cave_shapes, slime_entry_1, basic_altar, serial_bayou_shore_b,
          lemuel_fruit_fields
Lair:5:   minmay_lair_end_enchanted_forest, layout_loops_ring,
          chequers_serial_rivers_micro_b, uniq_rupert
Slime:1:  layout_caves
Orc:1:    dreamdust_wu_jian_sword_trials, layout_caves, uniq_gastronok,
          uniq_erica
Orc:2:    st_orc_elflike, layout_caves, elf_legates
Elf:1:    eino_elf_arrival_altar, layout_loops_ring, serial_shops, shop,
          minmay_elf_crystal_hexagon, st_stairs_7
Abyss:3:  base: Zot:4, eino_small_chamber_without_monster,
          serial_sigils_hangedman_shear, eino_small_chamber_without_monster,
          spicy_abyss_pitcher_plant, serial_sigils_hangedman_quiver,
          grunt_abyss_rune_wretched_hive

Skill      XL: |  1  2  3  4  5  6  7  8  9 10 11 12 13 14 15 16 17 |
---------------+----------------------------------------------------+-----
Long Blades    | 3 4 5 6 7 8 9 11 13 14 15 16 | 16.2
Armour         | 4 5 6 7 9 10 11 12 13 14 15 | 15.2
Dodging        | 1 4 6 8 11 12 13 | 13.0
Invocations    | 1 2 3 4 5 6 8 9 10 | 10.8
Fighting       | 4 5 6 8 9 10 11 13 | 13.7
Shields        | 4 5 6 7 8 10 12 13 | 13.8
Throwing       | 1 |  1.9
Short Blades   | 1 2 |  2.9
Stealth        | 1 2 |  2.8
Unarmed Combat | |  0.2

Action                     |  1- 3 |  4- 6 |  7- 9 | 10-12 | 13-15 | 16-18 || total
---------------------------+-------+-------+-------+-------+-------+-------++-------
  Melee: Long sword        |    72 |    97 |       |       |       |       ||   169
         Kick              |    13 |    38 |    87 |   273 |   445 |   334 ||  1190
         Peck              |    10 |    23 |    49 |   173 |   293 |   227 ||   775
         Falchion          |       |    35 |   219 |   658 |   619 |   720 ||  2251
         Dagger            |       |       |    18 |    66 |       |       ||    84
         Unarmed           |       |       |       |     5 |       |       ||     5
         Scimitar          |       |       |       |       |   600 |    22 ||   622
  Throw: Stone             |       |       |     3 |       |       |       ||     3
         Dart              |       |       |       |     3 |     5 |       ||     8
 Invoke: Draw Summoning    |       |       |     2 |     4 |     2 |     5 ||    13
         Draw Destruction  |       |       |       |    13 |    19 |    18 ||    50
         Draw Escape       |       |       |       |     1 |     2 |     2 ||     5
         Triple Draw       |       |       |       |       |     2 |       ||     2
         Deal Four         |       |       |       |       |       |     1 ||     1
  Evoke: Wand              |       |     1 |       |       |       |       ||     1
    Use: Potion            |     2 |       |       |     1 |     3 |     8 ||    14
         Scroll            |       |       |       |    13 |    18 |     1 ||    32
   Stab: Distracted        |       |       |       |       |     1 |     3 ||     4
         Confused          |       |       |       |       |       |     1 ||     1
 Armour: Scale mail        |    41 |    62 |       |       |       |       ||   103
         Plate armour      |       |    29 |   169 |   348 |   510 |   139 ||  1195
         Fire dragon scale |       |       |       |       |       |   107 ||   107
  Dodge: Dodged            |    46 |    66 |   105 |   343 |   461 |   284 ||  1305
  Block: Buckler           |    26 |    27 |    67 |   148 |   118 |       ||   386
         Kite shield       |       |       |       |       |   453 |   575 ||  1028

Table legend: (Time is in decaauts)
 A = Elapsed time spent in this place.
 B = Non-inter-level travel time spent in this place.
 C = Inter-level travel time spent in this place.
 D = Time resting spent in this place.
 E = Time spent auto-exploring this place.
 F = Levels seen in this place.
 G = Mean time per level.
                   A        B        C        D        E       F      G
               +--------+--------+--------+--------+--------+-----+--------+
         Total |  29592 |  27025 |   2567 |   3123 |  18234 |  27 | 1096.0 |
       Dungeon |  14784 |  12902 |   1882 |    254 |  10276 |  15 |  985.6 |
        Temple |     28 |     18 |     10 |      0 |      0 |   1 |   28.0 |
          Lair |   8143 |   7688 |    455 |   1353 |   4893 |   5 | 1628.6 |
    Slime Pits |      1 |      1 |      0 |      0 |      0 |   1 |    1.0 |
  Orcish Mines |   2919 |   2775 |    144 |    892 |   1311 |   2 | 1459.5 |
   Elven Halls |   1895 |   1820 |     75 |    502 |    790 |   1 | 1895.0 |
         Abyss |   1116 |   1116 |      0 |     23 |    547 |   1 | 1116.0 |
        Bailey |    703 |    703 |      0 |     97 |    417 |   1 |  703.0 |
               +--------+--------+--------+--------+--------+-----+--------+

Top non-repeatable levels by time:
  Lair:2: 2116 daAuts
   Elf:1: 1895 daAuts
  Lair:1: 1814 daAuts
  Lair:5: 1770 daAuts
  Lair:3: 1659 daAuts
     D:8: 1551 daAuts
   Orc:2: 1540 daAuts
    D:10: 1417 daAuts
   Orc:1: 1378 daAuts
    D:14: 1291 daAuts
     D:6: 1126 daAuts
 Abyss:3: 1116 daAuts
     D:7: 1105 daAuts
     D:2: 1098 daAuts
     D:1: 1067 daAuts
